 Dungeon Crawl Stone Soup version 0.29.1-15-g9cfb28693d (webtiles) character file.

Game seed: 7333706446808221561

630 Heoruswealwe the Shooter (level 7, -3/58 HPs)
             Began as a Demigod Hunter on Apr 11, 2023.
             Slain by Sigmund
             ... wielding a +0 scythe
              (8 damage)
             ... on level 5 of the Dungeon.
             The game lasted 00:35:16 (3371 turns).

Heoruswealwe the Shooter (Demigod Hunter)           Turns: 3371, Time: 00:35:17

Health: -3/58      AC:  4    Str: 10 (12) XL:     7   Next: 3%
Magic:  9/9        EV: 14    Int: 16 (17) God:
Gold:   243        SH:  0    Dex: 25      Spells: 6/6 levels left

rFire   + . .      SeeInvis .   a - +0 shortbow
rCold   + . .      Faith    .   (shield currently unavailable)
rNeg    . . .      Spirit   .   c - +0 leather armour
rPois   .          Reflect  .   (helmet restricted)
rElec   .          Harm     .   (no cloak)
rCorr   .          Rampage  .   v - +0 pair of gloves
Will    .....                   (no boots)
Stlth   +++.......              (no amulet)
HPRegen 0.19/turn               g - +6 ring of intelligence
MPRegen 0.11/turn               h - ring of protection from cold

@: no status effects
A: high MP 1, forlorn, divine attributes, horns 1, fire resistance 1
a: no special abilities


You were on level 5 of the Dungeon.
You visited 2 branches of the dungeon, and saw 6 of its levels.
You also visited: Sewer.

You collected 243 gold pieces.

Inventory:

Hand Weapons
 a - a +0 shortbow (weapon)
Armour
 c - a +0 leather armour (worn)
 o - a +2 helmet of see invisible
 v - a +0 pair of gloves (worn)
Jewellery
 g - a +6 ring of intelligence (left hand)
 h - a ring of protection from cold (right hand)
Scrolls
 b - 2 scrolls of enchant armour {unknown}
 d - a scroll of teleportation {unknown}
 i - 2 scrolls of identify {unknown}
 j - a scroll of summoning {unknown}
 k - a scroll of vulnerability {unknown}
 l - a scroll of brand weapon {unknown}
 n - a scroll of amnesia {unknown}
 p - 2 scrolls of enchant weapon {unknown}
 q - a scroll of fog {unknown}
 r - a scroll of acquirement {unknown}
 w - 2 scrolls of fear {unknown}
Potions
 e - 3 potions of cancellation
 f - a potion of attraction {unknown}
 m - 2 potions of flight
 s - 2 potions of resistance {unknown}
 t - a potion of might {unknown}
 u - a potion of haste {unknown}


   Skills:
 + Level 3.9 Fighting
 + Level 5.1 Ranged Weapons
 + Level 3.9 Dodging
 + Level 3.9 Stealth


You had 6 spell levels left.
You didn't know any spells.
Your spell library contained the following spells:

 Spells                   Type           Power      Damage    Failure   Level
 Apportation              Tloc           0%         N/A       34%         1
 Necrotise                Necr           0%         1d4       34%         1
 Summon Small Mammal      Summ           0%         N/A       34%         1
 Conjure Ball Lightning   Conj/Air       0%         3x3d6     100%        6
 Discord                  Hex            0%         N/A       100%        8
 Disjunction              Tloc           0%         N/A       100%        8


Dungeon Overview and Level Annotations

Branches:
Dungeon (5/15)             Temple (1/1) D:4           Sewer (visited)

Annotations:
D:5 Eustachio, Sigmund


Innate Abilities, Weirdness & Mutations

You have an increased reservoir of magic. (+10% MP)
You shall have no god before yourself.
Your divine heritage dramatically boosts your attributes as you level up.
You have a pair of small horns on your head.
Your flesh is heat resistant. (rF+)


Message History

You shoot an arrow. The arrow hits Sigmund.
Sigmund is almost dead.
Eustachio barely misses you. Sigmund hits you but does no damage.
You shoot an arrow. The arrow closely misses Sigmund.
Eustachio gestures wildly while chanting.
You shoot an arrow. The arrow barely misses Sigmund.
Sigmund barely misses you. Eustachio misses you. Eustachio barely misses you.
You shoot an arrow.
The arrow hits Sigmund but does no damage.
Sigmund is almost dead.
Sigmund says, "Your kind have come here before.
I understand now why.
You desire death..."
Sigmund casts a spell.
Sigmund flickers and vanishes!
The shadow imp misses you.
You hear some strange, mumbled words.
Eustachio hits you with a +0 falchion.
Fire: a) +0 shortbow
Press: ? - help, Shift-Dir - straight line You shoot an arrow.
Reactivating autopickup.
You feel a bit more experienced. The shadow imp misses you.
Eustachio hits you with a +0 falchion!
You have reached level 7!
Deactivating autopickup; reactivate with Ctrl-A.
You barely miss something. The shadow imp hits you.
Eustachio zaps a wand.
The puff of flame hits you. You resist.
* * * LOW HITPOINT WARNING * * *
Something shouts, "What's happening?!"
Something hits you.
* * * LOW HITPOINT WARNING * * *
The shadow imp hits you but does no damage.
Eustachio closely misses you.
Fire: a) +0 shortbow
Press: ? - help, Shift-Dir - straight line You shoot an arrow.
The shadow imp gestures at you. Pain shoots through your body!
* * * LOW HITPOINT WARNING * * *
Eustachio casts a spell.
Eustachio blinks!
Something hits you!
You die...

......# .....#
....######
#........#
#.....@.5####.##.
##.......ยง@{)....>
#.........########
+..............#
#...#'########.#
+...#.###### #.#
#...#......###.#
#...######.#...#
..... #.#.###
...... #.#.#


You could see Eustachio and a shadow imp (summoned).

Vanquished Creatures
  An ice beast (D:4)
  A black bear (D:4)
  A kobold brigand (Sewer)
  2 hounds (D:4)
  An orc priest (D:5)
  2 orc wizards (D:5)
  An iguana (D:4)
  Robin (D:2)
  A gnoll (D:2)
  5 adders
  An ufetubus (D:5)
  5 worms
  6 dart slugs
  6 orcs
  6 ball pythons
  11 endoplasms
  5 giant cockroaches
  13 goblins
  11 hobgoblins
  2 jackals (D:2)
  3 quokkas
  11 bats
  A frilled lizard (Sewer)
  21 kobolds
  11 rats
129 creatures vanquished.

Vanquished Creatures (others)
  7 fungi (Sewer)
  21 plants (Sewer)
28 creatures vanquished.

Grand Total: 157 creatures vanquished

Notes
Turn   | Place    | Note
-------+----------+-------------------------------------------
     0 | D:1      | Heoruswealwe the Demigod Hunter began the quest for the
                  | Orb.
     0 | D:1      | Reached XP level 1. HP: 17/17 MP: 3/3
    70 | D:1      | Reached skill level 1 in Stealth
   155 | D:1      | Reached XP level 2. HP: 16/24 MP: 4/4
   863 | D:2      | Reached XP level 3. HP: 29/29 MP: 5/5
  1044 | D:2      | Reached skill level 4 in Ranged Weapons
  1204 | D:2      | Reached XP level 4. HP: 33/37 MP: 6/6
  1247 | D:2      | Noticed Robin
  1254 | D:2      | Killed Robin
  1737 | D:3      | Found a glowing drain.
  1770 | Sewer    | Entered a sewer
  2056 | Sewer    | Noticed a kobold brigand
  2067 | Sewer    | Killed a kobold brigand
  2068 | Sewer    | Reached XP level 5. HP: 8/45 MP: 7/7
  2084 | Sewer    | Gained mutation: You are weak. (Str -2) [potion of
                  | mutation]
  2274 | Sewer    | Lost mutation: You are weak. (Str -2) [potion of mutation]
  2274 | Sewer    | Gained mutation: You have a pair of small horns on your
                  | head. [potion of mutation]
  2274 | Sewer    | Gained mutation: Your flesh is heat resistant. (rF+)
                  | [potion of mutation]
  2748 | D:4      | Noticed an ice beast
  2758 | D:4      | Killed an ice beast
  2759 | D:4      | Reached XP level 6. HP: 20/51 MP: 8/8
  2910 | D:4      | Found a staircase to the Ecumenical Temple.
  2966 | Temple   | Entered the Ecumenical Temple
  3297 | D:5      | Entered Level 5 of the Dungeon
  3301 | D:5      | Reached skill level 5 in Ranged Weapons
  3342 | D:5      | Noticed Sigmund
  3358 | D:5      | Noticed Eustachio
  3370 | D:5      | Reached XP level 7. HP: 19/58 MP: 9/9
  3371 | D:5      | Slain by Sigmund

Illustrated notes

Levels and vault maps discovered:
D:1:      kennysheep_arrival_forest, layout_loops_ring
D:2:      minmay_chambers_of_twos, layout_loops_ring,
          ebering_ecumenical_altar_rust, st_stairs_4, uniq_robin
D:3:      minmay_angry_zag, layout_basic, nicolae_uskayaw_dance_hall,
          cheibrodos_sewer_entry_bend
D:4:      layout_rooms, general_overflow_altar, grunt_temple_overflow_open,
          minmay_temple_entry_large_hall
D:5:      layout_basic, kennysheep_mini, kennysheep_slug_shrine, uniq_sigmund,
          uniq_eustachio, uniq_ijyb
Temple:   hellmonk_temple_of_storms

Skill      XL: |  1  2  3  4  5  6 |
---------------+-------------------+-----
Stealth        | 1 2 3 |  3.9
Fighting       | 2 3 |  3.9
Dodging        | 2 3 |  3.9
Ranged Weapons | 4 5 |  5.1

Action                   |  1- 3 |  4- 6 |  7- 9 || total
-------------------------+-------+-------+-------++-------
Melee: Unarmed           |       |   147 |       ||   147
       Punch             |       |     1 |       ||     1
       Shortbow          |       |       |     1 ||     1
 Fire: Shortbow          |   121 |   284 |     1 ||   406
  Use: Scroll            |     1 |       |       ||     1
       Potion            |       |    12 |       ||    12
Armor: Leather armour    |    29 |    87 |     1 ||   117
Dodge: Dodged            |    55 |   210 |     1 ||   266
